 Dungeon Crawl Stone Soup version 0.28-b1-25-g9875b3fc8c (webtiles) character file.

Game seed: 18369245325195903815

114 crazypyro the Skirmisher (level 4, -8/41 HPs)
             Began as a Minotaur Fighter on Feb 2, 2022.
             Killed by nerve-wracking pain
             ... invoked by Grinder
              (10 damage)
             ... on level 3 of the Dungeon.
             The game lasted 00:02:23 (2092 turns).

crazypyro the Skirmisher (Minotaur Fighter)         Turns: 2092, Time: 00:02:24

Health: -8/41      AC:  7    Str: 23    XL:     4   Next: 67%
Magic:  3/3        EV:  9    Int:  5    God:
Gold:   81         SH:  4    Dex:  9    Spells: 3/3 levels left

rFire   . . .      SeeInvis .   a - +0 flail
rCold   . . .      Faith    .   c - +0 buckler
rNeg    . . .      Spirit   .   b - +0 scale mail
rPois   .          Reflect  .   (helmet restricted)
rElec   .          Harm     .   (no cloak)
rCorr   .          Rampage  .   (no gloves)
Will    .....                   (no boots)
Stlth   ..........              (no amulet)
HPRegen 0.13/turn               (no ring)
MPRegen 0.08/turn               (no ring)

@: mighty
A: horns 2, retaliatory headbutt
a: no special abilities


You were on level 3 of the Dungeon.
You visited 1 branch of the dungeon, and saw 3 of its levels.

You collected 81 gold pieces.

Inventory:

Hand Weapons
 a - a +0 flail (weapon)
Armour
 b - a +0 scale mail (worn)
 c - a +0 buckler (worn)
Jewellery
 e - a +6 ring of dexterity
Wands
 i - a wand of polymorph (10)
Scrolls
 f - a scroll of brand weapon {unknown}
 h - a scroll of immolation {unknown}
Potions
 g - a potion of flight {unknown}


   Skills:
 + Level 4.3 Fighting
 * Level 3.9 Maces & Flails
 + Level 4.3 Armour
 + Level 1.3 Dodging
 + Level 4.3 Shields


You had 3 spell levels left.
You didn't know any spells.
Your spell library contained the following spells:

 Spells                   Type           Power      Damage    Failure   Level
 Sublimation of Blood     Necr           0%         N/A       95%         2
 Wereblood                Tmut           0%         N/A       95%         2
 Petrify                  Tmut/Erth      0%         N/A       100%        4
 Irradiate                Conj/Tmut      0%         3d13      100%        5
 Summon Hydra             Summ           0%         N/A       100%        7


Dungeon Overview and Level Annotations

Branches:
Dungeon (3/15)

Altars:
Dithmenos
Nemelex Xobeh

Annotations:
D:3 Grinder


Innate Abilities, Weirdness & Mutations

You have a pair of horns on your head.
You reflexively headbutt those who attack you in melee.


Message History

You barely miss Grinder. You headbutt Grinder.
Grinder is lightly wounded.
Grinder hits you.
You writhe in agony.
Grinder gestures at you. Pain shoots through your body!
You barely miss Grinder.
Grinder is lightly wounded.
Grinder hits you but does no damage.
You closely miss Grinder.
Grinder is lightly wounded.
Grinder hits you.
You writhe in agony.
You are too injured to fight recklessly!
You hit Grinder. You headbutt Grinder.
Grinder is moderately wounded.
Grinder hits you but does no damage.
You barely miss Grinder.
Grinder is lightly wounded.
Grinder blinks!
Grinder gestures at you. Pain shoots through your body!
* * * LOW HITPOINT WARNING * * *
You closely miss Grinder. Your headbutt misses Grinder.
Grinder is lightly wounded.
Grinder hits you!
* * * LOW HITPOINT WARNING * * *
You writhe in agony.
* * * LOW HITPOINT WARNING * * *
You feel very mighty all of a sudden. Grinder hits you but does no damage.
You completely miss Grinder.
Grinder is lightly wounded.
Grinder completely misses you.
You closely miss Grinder.
Grinder is lightly wounded.
Grinder misses you.
You closely miss Grinder. You headbutt Grinder.
Grinder is moderately wounded.
Grinder gestures at you. Pain shoots through your body!
You die...

##+## .# .... .# ...
.# ####### .. #.#
#...... #.##.#
#...<.)
#..#.#########......
#.#.#......##......
###...#..........#.##
#...@?#..........#...
#...5>#..........#.##
#.....#..........###
#.....#..........#
#................#
#....##...._.....#
#....#######.....#
###### #.....#
###....


You could see Grinder.

Vanquished Creatures
  4 gnolls
  2 adders (D:2)
  3 worms (D:2)
  2 dart slugs
  4 bats
  2 endoplasms (D:2)
  8 hobgoblins
  2 quokkas
  3 ball pythons
  3 frilled lizards
  3 goblins
  7 kobolds
  5 rats
48 creatures vanquished.

Notes
Turn   | Place    | Note
-------+----------+-------------------------------------------
     0 | D:1      | crazypyro the Minotaur Fighter began the quest for the Orb.
     0 | D:1      | Reached XP level 1. HP: 19/19 MP: 0/0
   178 | D:1      | Reached XP level 2. HP: 25/27 MP: 1/1
   656 | D:1      | Reached XP level 3. HP: 33/33 MP: 2/2
   951 | D:2      | Found a faded altar of an unknown god.
  1061 | D:2      | Found a sparkling altar of Nemelex Xobeh.
  1232 | D:2      | Reached skill level 1 in Dodging
  1410 | D:2      | Reached XP level 4. HP: 40/40 MP: 3/3
  2060 | D:3      | Found a shadowy altar of Dithmenos.
  2076 | D:3      | Noticed Grinder
  2088 | D:3      | HP: 2/41 [Grinder (2)]
  2092 | D:3      | Killed from afar by Grinder

Illustrated notes

Levels and vault maps discovered:
D:1:      shiori_angband_town, layout_basic
D:2:      layout_loops_ring, basic_altar, nicolae_ecumenical_lake_church,
          nicolae_wormholes
D:3:      layout_basic, overflow_temple_1_default, uniq_grinder

Skill      XL: |  1  2  3 |
---------------+----------+-----
Armour         | 4 |  4.3
Shields        | 4 |  4.3
Fighting       | 4 |  4.3
Maces & Flails | 3 |  3.9
Dodging        | 1 |  1.3

Action                   |  1- 3 |  4- 6 || total
-------------------------+-------+-------++-------
Melee: Flail             |    90 |    33 ||   123
       Headbutt          |    11 |     6 ||    17
  Use: Scroll            |     1 |       ||     1
       Potion            |       |     1 ||     1
Armor: Scale mail        |    44 |    13 ||    57
Dodge: Dodged            |    43 |    25 ||    68
Block: Buckler           |    18 |     6 ||    24
